 Dungeon Crawl Stone Soup version 0.31-a0-240-gb923e448b6 (webtiles) character file.

Game seed: 12065742728130263701

57 qw the Shooter (level 3, -4/29 HPs)
             Began as a Minotaur Hexslinger on July 12, 2023.
             Slain by a cerulean imp
             ... wielding a +1 spear
             ... summoned by Natasha
              (6 damage)
             ... on level 2 of the Dungeon.
             The game lasted 00:00:20 (469 turns).

qw the Shooter (Minotaur Hexslinger)                 Turns: 469, Time: 00:00:20

Health: -4/29      AC:  6    Str: 12    XL:     3   Next: 73%
Magic:  3/3        EV: 11    Int: 10    God:
Gold:   54         SH:  0    Dex: 14    Spells: 3/4 levels left

rFire   . . .        a - +1 sling
rCold   . . .        (no shield)
rNeg    . . .        g - +0 ring mail
rPois   .            (helmet restricted)
rElec   .            i - +0 cloak
rCorr   .            (no gloves)
SInv    .            (no boots)
Will    .....        (no amulet)
Stlth   +            (no ring)
HPRegen 0.24/turn    (no ring)
MPRegen 0.08/turn

%: no passive effects
@: slowed, very slow
A: horns 2, retaliatory headbutt
a: no special abilities


You were on level 2 of the Dungeon.
You visited 1 branch of the dungeon, and saw 2 of its levels.

You collected 54 gold pieces.


Innate Abilities, Weirdness & Mutations

You have a pair of horns on your head.
You reflexively headbutt those who attack you in melee.


   Skills:
 - Level 2.0 Fighting
 - Level 4.3 Ranged Weapons
 + Level 0.0 Armour
 - Level 2.1 Dodging
 - Level 1.0 Spellcasting
 - Level 2.0 Hexes


You had 3 spell levels left.
You knew the following spells:

 Your Spells              Type           Power      Damage    Failure   Level
a - Slow                  Hex            16%        N/A       34%         1

Your spell library contained the following spells:

 Spells                   Type           Power      Damage    Failure   Level
 Inner Flame              Hex/Fire       2%         N/A       83%         3
 Portal Projectile        Hex/Tloc       4%         N/A       83%         3
 Cause Fear               Hex            2%         N/A       98%         4

Inventory:

Hand Weapons
 a - a +1 sling (weapon)
Armour
 g - a +0 ring mail (worn)
 i - a +0 cloak (worn)
Jewellery
 d - a ring of see invisible
Scrolls
 b - a scroll of poison
 e - a scroll of summoning {unknown}
 h - a scroll of acquirement {unknown}
Potions
 f - a potion of invisibility {unknown}

Dungeon Overview and Level Annotations

Branches:
Dungeon (2/15)

Altars:

Shops:
D:1 !

Annotations:
D:2 Natasha


Message History

Natasha is heavily wounded.
You shoot a sling bullet.
The sling bullet closely misses Natasha.
Natasha stares at you and mumbles some strange words.
You feel yourself slow down.
You shoot a sling bullet. The sling bullet hits Natasha.
Natasha is severely wounded.
Natasha casts a spell at you. You resist with significant effort.
Natasha claws you.
You shoot a sling bullet. The sling bullet hits Natasha.
Natasha is almost dead.
Natasha casts a spell at you.
You feel as though you will be slow longer.
Natasha wildly gestures.
You feel disoriented.
Natasha drinks a potion.
Natasha is healed!
You shoot a sling bullet. The sling bullet hits Natasha.
Natasha is moderately wounded.
Natasha mumbles some strange words.
Natasha casts a spell at you. The magic dart hits you.
You shoot a sling bullet. The sling bullet barely misses Natasha.
Natasha claws you.
The cerulean imp hits you with a +1 spear.
Natasha growls.
Natasha barely misses you.
You shoot a sling bullet. The sling bullet hits Natasha.
Natasha is severely wounded.
The cerulean imp barely misses you. Natasha claws you.
The cerulean imp barely misses you. You furiously retaliate!
You headbutt the cerulean imp! Natasha closely misses you.
You shoot a sling bullet. The sling bullet barely misses Natasha.
The cerulean imp hits you with a +1 spear.
Natasha closely misses you. You furiously retaliate!
You headbutt Natasha. The cerulean imp closely misses you.
Natasha barely misses you.
You shoot a sling bullet.
The sling bullet closely misses Natasha.
The cerulean imp hits you with a +1 spear.
Natasha misses you. The cerulean imp barely misses you. Natasha claws you.
The cerulean imp hits you with a +1 spear.
You die...

#..##.##...##77P.P~~~7
#....>..#.....~P.~~~~~
#...###.##.##..7.~~~~~
#...# #...............
####...###.##..#....~~~~~
...........##..##.~~P~~~~
.###.###.#.##..##.~P~~P~~
#.# #.#.##..##.#~~~~P~
#.# #.#.##..#@..#~P~P~
#.# #.#.....5h#...7P~~
#.# #.#..####...###7~~
..# #.#..# ##.## P~ ###
#.#..# <# #.# .# .# .#


You could see Natasha and a cerulean imp (summoned).

Vanquished Creatures
  Natasha (D:2)
  A dart slug (D:1)
  3 endoplasms (D:1)
  3 goblins (D:1)
  2 hobgoblins (D:1)
  3 quokkas (D:1)
  5 ball pythons (D:1)
  6 bats
  A frilled lizard (D:2)
  5 rats
30 creatures vanquished.

Notes
Turn   | Place    | Note
-------+----------+-------------------------------------------
     0 | D:1      | qw the Minotaur Hexslinger began the quest for the Orb.
     0 | D:1      | Reached XP level 1. HP: 16/16 MP: 1/1
     0 | D:1      | 0 ||| qw: Version: 0.3-a-52-g30416fa
     0 | D:1      | 0 ||| qw: Game counter: 6169
     0 | D:1      | 0 ||| qw: Melee chars always use a shield: true
     0 | D:1      | 0 ||| qw: God list: Okawaru
     0 | D:1      | 0 ||| qw: Allow faded altars: false
     0 | D:1      | 0 ||| qw: Do Orc after clearing Dungeon:15 true
     0 | D:1      | 0 ||| qw: Do second Lair branch before Depths: true
     0 | D:1      | 0 ||| qw: Lair rune preference: random
     0 | D:1      | 0 ||| qw: Goals: Normal
     0 | D:1      | 0 ||| PLANNING D:1-11
    63 | D:1      | Found Nire's Distillery.
    68 | D:1      | 68 ||| SHOPLISTING potion of curing (33 gold, have 15).
    68 | D:1      | 68 ||| SHOPLISTING potion of enlightenment (55 gold, have
                  | 15).
    68 | D:1      | 68 ||| SHOPLISTING potion of haste (110 gold, have 15).
    68 | D:1      | 68 ||| SHOPLISTING potion of heal wounds (55 gold, have
                  | 15).
    68 | D:1      | 68 ||| SHOPLISTING potion of might (44 gold, have 15).
    68 | D:1      | 68 ||| SHOPLISTING potion of mutation (88 gold, have 15).
   131 | D:1      | Reached skill level 3 in Ranged Weapons
   152 | D:1      | Reached XP level 2. HP: 23/23 MP: 2/2
   356 | D:1      | You fall into a shaft and drop 1 floor!
   371 | D:2      | Reached XP level 3. HP: 29/29 MP: 3/3
   437 | D:2      | Noticed Natasha
   442 | D:2      | Killed Natasha
   443 | D:2      | Reached skill level 4 in Ranged Weapons
   443 | D:2      | 443 ||| UPGRADING to +0 ring mail.
   453 | D:2      | 453 ||| DROPPING +0 robe.
   454 | D:2      | 454 ||| UPGRADING to +0 cloak.
   457 | D:2      | Noticed Natasha
   469 | D:2      | HP: 6/29 [cerulean imp/+1 spear[Natasha] (4)]
   469 | D:2      | HP: 2/29 [Natasha (4)]
   469 | D:2      | Slain by a cerulean imp

Levels and vault maps discovered:
D:1:      co_arrival_hexagon_in_a_hexagon, layout_rooms, serial_shops,
          nicolae_shop_rolling_square, minmay_octomino_c4
D:2:      layout_loops_ring, basic_altar, minmay_misc_feat_rows,
          serial_bayou_lagoon_b, uniq_natasha, uniq_jessica, uniq_sigmund

Skill      XL: |  1  2  3 |
---------------+----------+-----
Ranged Weapons | 3 4 |  4.3
Fighting       | 2 |  2.0
Dodging        | |  2.1
Spellcasting   | |  1.0
Hexes          | |  2.0

Action                     || total
---------------------------++-------
   Fire: Sling             ||    86
 Armour: Robe              ||     4
  Dodge: Dodged            ||    18

Table legend:
 A = Non-vault XP
 B = Vault XP
 C = Vault XP percentage of total XP
 D = Non-vault monster count
 E = Vault monster count
 F = Vault count percentage of total count
                 A         B        C        D         E       F
            +---------+---------+-------+---------+---------+-------
      Total |      35 |      47 |  57.3 |      22 |       8 |  26.7
            +---------+---------+-------+---------+---------+-------
        D:1 |      30 |      10 |  25.0 |      18 |       7 |  28.0
        D:2 |       5 |      37 |  88.1 |       4 |       1 |  20.0
            +---------+---------+-------+---------+---------+-------
